[Event "Team 45 45 League T25"]
[Site "Internet Chess Club"]
[Date "2005.01.22"]
[Round "5"]
[White "jks2000"]
[Black "Unbeliever"]
[Result "0-1"]
[WhiteElo "1655"]
[BlackElo "2029"]
[TimeControl "2700+45"]

1. c4 e5 2. g3 d6 3. Bg2 f5 4. e3 Nf6 5. Nc3 c6 6. Nge2 Be7 7. O-O O-O 8. d4 e4
9. d5 Nbd7 10. Nd4 Ne5 11. Qb3 Rb8 12. c5 cxd5 13. Nxd5 Nxd5 14. Qxd5+ Kh8 15.
Ne6 Bxe6 16. Qxe6 Rc8 17. b4 Nd3 18. Bh3 Rf6 19. Qd5 dxc5 20. Qxd8+ Rxd8 21.
bxc5 Bxc5 22. Rb1 b6 23. Rd1 Rff8 24. Bb2 Rd5 25. Bf1 Rfd8 26. Ba1 Kg8 27. Be2
Kf7 28. Kf1 g5 29. Rb3 Ke7 30. h3 Nb4 31. Rxd5 Rxd5 32. Ra3 a5 33. Bc3 Nd3 34.
Rb3 Nc1 35. Rb2 Nxe2 36. Kxe2 Rd3 37. Bd4 Kd6 38. Rb5 Kc6 39. Rb2 Bxd4 40. exd4
Rxd4 41. Rc2+ Kb7 42. f3 exf3+ 43. Kxf3 Rd3+ 44. Kf2 f4 45. gxf4 gxf4 46. Rc4
Rxh3 47. Rxf4 Rh2+ 48. Ke3 Rxa2 49. Rf7+ Kc6 50. Rf6+ Kc5 51. Rf5+ Kc4 52. Rf4+
Kc3 53. Rh4 b5 54. Rxh7 b4 55. Rc7+ Kb3 56. Kd3 Rh2 57. Rc1 Rh3+ 58. Kd2 Rh2+
59. Kd3 a4 60. Rb1+ Rb2 61. Rh1 a3 62. Rh3 a2 63. Kd4+ Ka4 64. Rh8 Rb1 65. Kc4
Rc1+ 66. Kd3 a1=Q {White resigns} 0-1

[Event "Team 45 45 League T25"]
[Site "Internet Chess Club"]
[Date "2005.01.15"]
[Round "5"]
[White "Zornorph"]
[Black "allanchs"]
[Result "1-0"]
[WhiteElo "1959"]
[BlackElo "1630"]
[TimeControl "2700+45"]

1. c4 e5 2. Nc3 Nf6 3. Nf3 Nc6 4. g3 d6 5. Bg2 Be6 6. b3 Qd7 7. Ng5 Be7 8. Nxe6
fxe6 9. O-O O-O 10. Bh3 Rae8 11. e3 Bd8 12. d4 exd4 13. exd4 Qf7 14. d5 exd5 15.
cxd5 Ne5 16. Be6 Rxe6 17. dxe6 Qxe6 18. f4 Neg4 19. Re1 Qf5 20. h3 Qc5+ 21. Be3
Nxe3 22. Na4 Nxd1+ 23. Nxc5 dxc5 24. Raxd1 c6 25. Kg2 Nd5 26. Rc1 Be7 27. Re5
Bd6 28. Re4 g6 29. a4 Kg7 30. Rce1 Rf7 31. Re8 Re7 32. R1xe7+ Nxe7 33. Rd8 Nf5
34. g4 Be7 35. Rd7 Ne3+ 36. Kf3 Nd5 37. Rxb7 a5 38. Ra7 Kf6 39. Rxa5 Nb4 40. Ra8
h5 41. a5 hxg4+ 42. hxg4 c4 43. bxc4 g5 44. fxg5+ Kxg5 45. a6 {Black resigns}
1-0

[Event "Team 45 45 League T25"]
[Site "Internet Chess Club"]
[Date "2005.01.13"]
[Round "5"]
[White "dougmo"]
[Black "KaissaXiaolin"]
[Result "1-0"]
[WhiteElo "1614"]
[BlackElo "1518"]
[TimeControl "2700+45"]

1. e4 d5 2. exd5 Nf6 3. Bb5+ Bd7 4. Bc4 Bg4 5. f3 Bc8 6. Nc3 Nbd7 7. Ne4 Nb6 8.
Nxf6+ gxf6 9. Bb5+ Bd7 10. Bxd7+ Qxd7 11. d4 Qxd5 12. Ne2 O-O-O 13. b3 Rg8 14.
c4 Qh5 15. Nf4 Qh4+ 16. Kf1 e5 17. Ne2 Bc5 18. Be3 Bxd4 19. Nxd4 exd4 20. Bf2
Qg5 21. Rg1 c5 22. Qd3 Rg7 23. Re1 Rdg8 24. Qe4 Nd7 25. Bg3 h5 26. Bf4 Qh4 27.
Qe8+ Rxe8 {Black resigns} 1-0

[Event "Team 45 45 League T25"]
[Site "Internet Chess Club"]
[Date "2005.01.16"]
[Round "5"]
[White "StefanM"]
[Black "Stav"]
[Result "1/2-1/2"]
[WhiteElo "1878"]
[BlackElo "1740"]
[TimeControl "2700+45"]

1. d4 Nf6 2. c4 c5 3. d5 e5 4. Nc3 d6 5. e4 Be7 6. f4 exf4 7. Bxf4 Nbd7 8. Nf3
Nh5 9. Qd2 Nxf4 10. Qxf4 f6 11. Bd3 a6 12. O-O O-O 13. Qe3 Ne5 14. Nxe5 fxe5 15.
Rxf8+ Bxf8 16. Rf1 Bd7 17. Ne2 g6 18. Ng3 Bg7 19. a3 a5 20. Ne2 Qe7 21. h3 Rf8
22. Rxf8+ Qxf8 23. Qd2 b6 24. b4 Bh6 25. Qe1 Be3+ 26. Kh1 Qh6 27. Qf1 axb4 28.
axb4 cxb4 29. Ng1 b3 30. Bb1 Qf4 31. Qxf4 Bxf4 32. Ne2 Be3 33. Nc3 Bd2 34. Nb5
Bxb5 35. cxb5 Kf7 36. g3 h5 37. Kg2 Kf6 38. Kf3 b2 39. Bd3 Kg5 40. Bb1 h4 41. g4
Bc1 42. Bd3 {Game drawn by mutual agreement} 1/2-1/2

[Event "Team 45 45 League T25"]
[Site "Internet Chess Club"]
[Date "2005.01.16"]
[Round "5"]
[White "Bogelund"]
[Black "kingfischer57"]
[Result "1-0"]
[WhiteElo "1820"]
[BlackElo "1818"]
[TimeControl "2700+45"]

1. d4 Nf6 2. c4 d5 3. Nc3 g6 4. Nf3 Bg7 5. Bf4 c6 6. e3 O-O 7. Be2 Nbd7 8. O-O
Nb6 9. c5 Nbd7 10. b4 Nh5 11. Bg5 h6 12. Bh4 b6 13. b5 Bb7 14. Nxd5 cxd5 15. c6
Nhf6 16. cxb7 Rb8 17. Rc1 Rxb7 18. Qc2 Ne4 19. Qc6 Rb8 20. Qxd5 Nef6 21. Qc6 Qc8
22. Ne5 Nxe5 23. dxe5 Qxc6 24. bxc6 Nd5 25. Rfd1 e6 26. e4 Nf4 27. Ba6 Bxe5 28.
c7 Rbc8 29. Bd8 {Black resigns} 1-0

[Event "Team 45 45 League T25"]
[Site "Internet Chess Club"]
[Date "2005.01.15"]
[Round "5"]
[White "Rossinantes"]
[Black "Quoyle"]
[Result "0-1"]
[WhiteElo "2299"]
[BlackElo "2459"]
[TimeControl "2700+45"]

1. d4 d6 2. Nf3 Bg4 3. c4 Nd7 4. Qb3 Rb8 5. Bg5 c6 6. Nc3 g6 7. e4 Bg7 8. d5 Qa5
9. Bd2 Bxf3 10. gxf3 Ngf6 11. f4 Qc7 12. Bg2 O-O 13. O-O Rfc8 14. Rac1 a6 15.
Rfe1 b5 16. cxb5 cxb5 17. e5 Nc5 18. Qc2 Nfd7 19. Ne4 Qb7 20. e6 Nxe4 21. exf7+
Kxf7 22. Qxe4 Nc5 23. Qe6+ Kf8 24. Qh3 Kg8 25. b4 Na4 26. Rxc8+ Qxc8 27. Rxe7
Nb6 28. Qh4 Qc2 29. Be1 Rf8 30. Bh3 Qb2 31. Be6+ Kh8 32. Qh3 Nc4 33. Rxg7 Qxg7
34. Bc3 Rf6 35. Qh4 g5 36. fxg5 Ne5 37. Kh1 Rf3 38. g6 Rf8 39. Bf7 Rxf7 40. gxf7
Qxf7 41. Qd8+ Kg7 42. Qxd6 Qf3+ 43. Kg1 Qxc3 44. Qe7+ Nf7 45. Kg2 Qd4 46. Qe6
Qxb4 47. Qxa6 Qg4+ 48. Kf1 Qd1+ 49. Kg2 Qxd5+ 50. Kg3 Qd6+ 51. Qxd6 Nxd6 52. Kf4
Kf6 53. h4 h6 54. Kg4 Ne4 55. Kh5 {White resigns} 0-1

[Event "Team 45 45 League T25"]
[Site "Internet Chess Club"]
[Date "2005.01.16"]
[Round "5"]
[White "WesleyCrusher"]
[Black "jorobo"]
[Result "1/2-1/2"]
[WhiteElo "2083"]
[BlackElo "2139"]
[TimeControl "2700+45"]

1. e4 e6 2. d4 d5 3. exd5 exd5 4. Bd3 Bd6 5. Ne2 Qh4 6. Ng3 Ne7 7. O-O O-O 8. f4
Bg4 9. Be2 Be6 10. Be3 Nd7 11. Nd2 Nf6 12. Nf3 Qh6 13. Ne5 g6 14. Qd2 Bf5 15.
Bd3 Ne4 16. Bxe4 dxe4 17. Nc4 Nd5 18. Nxd6 cxd6 19. c4 Nxe3 20. Qxe3 Rfe8 21.
Ne2 Qh4 22. d5 Qf6 23. Nd4 a6 24. Rac1 Rac8 25. Rc3 Rc7 26. Rfc1 Rec8 27. Ne2 h5
28. Qd4 Qxd4+ 29. Nxd4 Bd7 30. Kf2 f5 31. Ke3 b5 32. cxb5 Rxc3+ 33. Rxc3 Rxc3+
34. bxc3 axb5 35. h4 Kf7 36. Nc2 Ke7 37. Kd4 Kd8 38. c4 bxc4 39. Kxc4 Kc7 40.
Nd4 Kb6 41. Kb4 Be8 42. Nc2 Bb5 43. Ne3 Be2 44. a4 Ka6 45. a5 {Game drawn by
mutual agreement} 1/2-1/2

[Event "Team 45 45 League T25"]
[Site "Internet Chess Club"]
[Date "2005.01.14"]
[Round "5"]
[White "Kingofknights"]
[Black "Amauta"]
[Result "0-1"]
[WhiteElo "1647"]
[BlackElo "1957"]
[TimeControl "2700+45"]

1. d4 Nf6 2. c4 e6 3. Nc3 Bb4 4. e3 d5 5. cxd5 exd5 6. Bd3 O-O 7. Ne2 c6 8. a3
Bd6 9. Qc2 Bg4 10. f3 Bh5 11. Ng3 Bg6 12. Bxg6 fxg6 13. O-O Bxg3 14. hxg3 Nh5
15. Qf2 Qd6 16. f4 Nf6 17. Qf3 h5 18. e4 dxe4 19. Nxe4 Qxd4+ 20. Be3 Qxe4 21.
Qxe4 Nxe4 22. Rad1 Nxg3 23. Rf3 Nf5 24. Bc5 Re8 25. Rfd3 Na6 26. Bf2 Re2 27. Rd7
Rxb2 28. Bxa7 Rxa7 29. Rd8+ Kh7 30. Rc8 Rxg2+ 31. Kh1 g5 32. Rdd8 Rf2 33. Rh8+
Kg6 34. fxg5 Nc5 35. Rcg8 Rxa3 36. Rh6+ Nxh6 {White resigns} 0-1

[Event "Team 45 45 League T25"]
[Site "Internet Chess Club"]
[Date "2005.01.14"]
[Round "5"]
[White "SonnyBlack"]
[Black "pawnateer"]
[Result "0-1"]
[WhiteElo "2009"]
[BlackElo "2410"]
[TimeControl "2700+45"]

1. e4 g5 2. d4 d5 3. Nc3 dxe4 4. Nxe4 h6 5. Bc4 Nc6 6. Qh5 e6 7. c3 Nf6 8. Nxf6+
Qxf6 9. Ne2 e5 10. Ng3 exd4 11. O-O dxc3 12. Re1+ Be7 13. bxc3 Ne5 14. Qe2 Nxc4
15. Qxc4 O-O 16. Be3 Qd6 17. Rad1 Be6 18. Qe2 Qa6 19. Qh5 Rad8 20. Bd4 Kh7 21.
Ne4 Bxa2 22. Ra1 f5 23. Nc5 Bxc5 24. Bxc5 Bf7 25. Qf3 Rfe8 26. Be3 Qb5 27. Rxa7
f4 28. Rxb7 Qd7 29. Rb4 Qd3 30. Ra1 Bd5 31. Qh5 fxe3 32. h4 exf2+ 33. Kh2 f1=Q
{White resigns} 0-1

[Event "Team 45 45 League T25"]
[Site "Internet Chess Club"]
[Date "2005.01.15"]
[Round "5"]
[White "Vombat"]
[Black "SnoopDoggyDogg"]
[Result "1-0"]
[WhiteElo "2171"]
[BlackElo "1779"]
[TimeControl "2700+45"]

1. d4 Nf6 2. c4 e6 3. Nc3 Bb4 4. e3 O-O 5. Nf3 d5 6. a3 Bxc3+ 7. bxc3 Na6 8. Bd3
c5 9. O-O Qa5 10. Bb2 dxc4 11. Bxc4 b5 12. Bd3 c4 13. Bc2 Bb7 14. Ne5 Nc7 15. f3
Rfd8 16. Qe1 Ncd5 17. e4 Nf4 18. Qe3 Ng6 19. Nxg6 hxg6 20. a4 b4 21. cxb4 Qxb4
22. Bc3 Qd6 23. Rab1 Rab8 24. Qg5 Bc6 25. e5 Qa3 26. Ba5 Nh7 27. Qd2 Rdc8 28.
Bb4 Rxb4 29. Qxb4 Qe3+ 30. Kh1 Qxd4 31. f4 g5 32. Rbd1 Qe3 33. Qe7 gxf4 34. Bg6
Be8 35. Bxh7+ Kxh7 36. Qh4+ Kg8 37. Rxf4 c3 38. Re1 Qd2 39. Rd4 Qh6 40. Qxh6
gxh6 41. Rc1 f6 42. exf6 Kf7 43. Rc2 a5 44. Rd3 Bxa4 45. Rcxc3 Bc6 46. Kg1 Kxf6
47. Rd6 Bd7 48. Rxc8 Bxc8 49. Rd3 e5 50. Ra3 h5 51. Rxa5 Bb7 52. Ra7 Be4 53. Kf2
Kf5 54. g3 Bd5 55. Ke3 Kf6 56. Rh7 Kg5 57. h3 Kg6 58. Re7 Kf6 59. Re8 Bg2 60.
Rf8+ Kg6 61. h4 Bh3 62. Ke4 Kg7 63. Rf2 Bg4 64. Kxe5 Bd7 65. Kf4 Kf6 66. Rd2 Bg4
67. Rd6+ Kf7 68. Rd5 Kf6 69. Rg5 Bd1 70. Rc5 Ke6 71. Kg5 Kf7 72. Kh6 Be2 73.
Rxh5 {Black resigns} 1-0

[Event "Team 45 45 League T25"]
[Site "Internet Chess Club"]
[Date "2005.01.16"]
[Round "5"]
[White "CogitoErgoSum"]
[Black "Gregorio"]
[Result "1-0"]
[WhiteElo "1903"]
[BlackElo "2098"]
[TimeControl "2700+45"]

1. e4 d6 2. d4 g6 3. Nf3 Bg7 4. Bd3 Bg4 5. Be3 Nc6 6. c3 Nf6 7. Nbd2 O-O 8. O-O
b6 9. h3 Bd7 10. d5 Na5 11. Nd4 c5 12. Ne2 e6 13. c4 exd5 14. exd5 b5 15. b3
bxc4 16. bxc4 Rb8 17. Rb1 Rb6 18. Qc2 Qc7 19. Rxb6 axb6 20. Rb1 b5 21. cxb5 Nxd5
22. Bf4 Re8 23. Bg3 Qb6 24. a3 Be6 25. Ne4 c4 26. Bxc4 Nxc4 27. Qxc4 Nc3 28.
Qxc3 Bxc3 29. N2xc3 Rd8 30. Bh4 Rc8 31. Rd1 Qa5 32. Rxd6 Bf5 33. Ra6 Qc7 34. Bg3
Qd8 35. Nf6+ Kg7 36. Ncd5 Be6 37. Be5 Kh6 38. Rxe6 fxe6 39. Ng4+ Kh5 40. Nf4+
Kh4 41. Ne3 Qe7 42. g3+ Kg5 43. h4+ {Black resigns} 1-0

[Event "Team 45 45 League T25"]
[Site "Internet Chess Club"]
[Date "2005.01.17"]
[Round "5"]
[White "chesskilleruk"]
[Black "Satan"]
[Result "1/2-1/2"]
[WhiteElo "2268"]
[BlackElo "2185"]
[TimeControl "2700+45"]

1. e4 c5 2. d3 Nc6 3. g3 d6 4. Bg2 g6 5. f4 Bg7 6. Nf3 e6 7. O-O Nge7 8. c3 Rb8
9. a4 a6 10. Be3 b5 11. axb5 axb5 12. Kh1 b4 13. Qd2 Qb6 14. c4 O-O 15. Qf2 e5
16. Ra2 f5 17. b3 fxe4 18. dxe4 Nd4 19. Nxd4 exd4 20. Bc1 Bb7 21. Re2 Rbe8 22.
Bb2 Qc7 23. Ba1 Qa5 24. Ra2 Qc7 25. Re1 Ra8 26. Bh3 Rxa2 27. Qxa2 Ra8 28. Qb2
Nf5 29. Bg2 Ne3 30. Nd2 Qa5 31. Qc1 Re8 32. Bf3 Qa8 33. Qb2 Re7 34. Qb1 Bc6 35.
Bb2 {Game drawn by mutual agreement} 1/2-1/2

[Event "Team 45 45 League T25"]
[Site "Internet Chess Club"]
[Date "2005.01.18"]
[Round "5"]
[White "KindlyKing"]
[Black "johanh"]
[Result "0-1"]
[WhiteElo "2072"]
[BlackElo "2170"]
[TimeControl "2700+45"]

1. c4 e6 2. d4 d5 3. Nf3 c5 4. cxd5 exd5 5. Nc3 Nc6 6. g3 Nf6 7. Bg2 Be7 8. O-O
O-O 9. Bg5 cxd4 10. Nxd4 h6 11. Be3 Re8 12. Rc1 Bg4 13. f3 Be6 14. Bf2 Qd7 15.
Nxc6 bxc6 16. Na4 Bf5 17. Qd2 Nh7 18. Rfd1 Qe6 19. Re1 Bg5 20. f4 Be7 21. Bc5
Bd8 22. a3 Nf6 23. Bd4 Be7 24. Nc5 Bxc5 25. Bxc5 h5 26. Bd4 Ne4 27. Bxe4 Bxe4
28. e3 Qg4 29. Qf2 Re6 30. h4 Bf5 31. Qg2 a6 32. Rc5 Be4 33. Qf2 Rg6 34. Kh2 Bf5
35. Qg2 Be4 36. Qf2 Qe6 37. Rec1 Qd7 38. Qe2 Rh6 39. Ra5 Qf5 40. Rc3 Rg6 41. b4
Re8 42. Rxa6 Ree6 43. Bc5 Kh7 44. Rc1 Bd3 {White resigns} 0-1

[Event "Team 45 45 League T25"]
[Site "Internet Chess Club"]
[Date "2005.01.15"]
[Round "5"]
[White "DeLaSalle"]
[Black "ChessmanDan"]
[Result "1-0"]
[WhiteElo "2020"]
[BlackElo "1748"]
[TimeControl "2700+45"]

1. d4 Nf6 2. Nf3 g6 3. e3 Bg7 4. b3 c5 5. Bb2 Ne4 6. Nfd2 Qa5 7. Bd3 Nxd2 8.
Nxd2 Nc6 9. c3 O-O 10. Nc4 Qc7 11. dxc5 Ne5 12. Nxe5 Bxe5 13. f4 Bg7 14. b4 b6
15. cxb6 axb6 16. O-O d5 17. Qe2 Bf5 18. Bxf5 gxf5 19. Rf3 Qc4 20. Qxc4 dxc4 21.
Rff1 Rfd8 22. a3 Rd2 23. Rab1 Rad8 24. Rf2 Rxf2 25. Kxf2 Rd2+ 26. Kf3 Rc2 27. a4
Bxc3 28. Bxc3 Rxc3 29. Ra1 Rb3 30. a5 bxa5 31. bxa5 Kg7 32. a6 Rb8 33. a7 Ra8
34. Ke2 Kf6 35. Ra6+ e6 36. Kd2 Ke7 37. Kc3 Kd7 38. Kxc4 Kc7 39. Kb5 Kb7 40.
Rb6+ Kc7 41. Ka6 h5 42. Rb7+ Kc8 {Black resigns} 1-0

[Event "Team 45 45 League T25"]
[Site "Internet Chess Club"]
[Date "2005.01.21"]
[Round "5"]
[White "ebattousai"]
[Black "baumhauer"]
[Result "0-1"]
[WhiteElo "1523"]
[BlackElo "1920"]
[TimeControl "2700+45"]

1. e4 c5 2. d4 cxd4 3. c3 Nf6 4. e5 Nd5 5. cxd4 Nc6 6. Bc4 Nb6 7. Bb3 d6 8. d5
Nxe5 9. Nc3 g6 10. Bf4 Bg7 11. Nf3 Bg4 12. Rc1 O-O 13. h3 Nxf3+ 14. gxf3 Bf5 15.
h4 h5 16. Qd2 Re8 17. Bh6 Bh8 18. Bg5 Rc8 19. Ke2 Qd7 20. Ne4 Qb5+ 21. Ke3 a5
22. Ng3 a4 23. Nxf5 gxf5 24. Rxc8 Rxc8 25. Rg1 axb3 26. Bxe7+ Kh7 27. axb3 Nxd5+
{White resigns} 0-1

[Event "Team 45 45 League T25"]
[Site "Internet Chess Club"]
[Date "2005.01.14"]
[Round "5"]
[White "Arshanay"]
[Black "onslaught"]
[Result "1-0"]
[WhiteElo "2349"]
[BlackElo "2241"]
[TimeControl "2700+45"]

1. Nf3 Nf6 2. g3 d5 3. Bg2 c6 4. d3 Bg4 5. O-O Nbd7 6. Nbd2 e6 7. e4 Be7 8. h3
Bh5 9. Qe2 O-O 10. Re1 a5 11. e5 Ne8 12. Qe3 Nc7 13. a4 Qb8 14. Nb3 Na6 15. c3
Nac5 16. Nxc5 Nxc5 17. Nd4 Bg6 18. Bf1 h6 19. b3 Re8 20. Ba3 Qa7 21. f4 Bh7 22.
Kh2 Bf8 23. g4 Be7 24. Reb1 Qa6 25. Be2 Nd7 26. Bxe7 Rxe7 27. Qg3 Rf8 28. Rg1 g6
29. g5 hxg5 30. fxg5 Qb6 31. Rae1 c5 32. Nb5 Rc8 33. Rgf1 c4 34. bxc4 dxc4 35.
d4 Rf8 36. Bxc4 Qc6 37. Bb3 Nb6 38. Nd6 Nxa4 39. Ne4 Kg7 40. Qh4 {Black resigns}
1-0

[Event "Team 45 45 League T25"]
[Site "Internet Chess Club"]
[Date "2005.01.14"]
[Round "5"]
[White "trikmamak"]
[Black "syy89"]
[Result "1-0"]
[WhiteElo "2248"]
[BlackElo "2075"]
[TimeControl "2700+45"]

1. g3 Nf6 2. Bg2 g6 3. e4 d6 4. d4 Bg7 5. Ne2 O-O 6. O-O Nc6 7. d5 Ne5 8. h3
Nfd7 9. Nd2 Nb6 10. Rb1 Bd7 11. b3 f5 12. f4 Nf7 13. exf5 Bxf5 14. g4 Bd7 15.
Nf3 c6 16. c4 cxd5 17. cxd5 Bb5 18. Re1 Rc8 19. Nfd4 Bd7 20. Ne6 Bxe6 21. dxe6
Nh6 22. Bxb7 Rc7 23. Bg2 Qc8 24. Nd4 Qa6 25. Be3 Rc3 26. Bf1 Qb7 27. Nb5 Nd5 28.
Nxc3 Nxc3 29. Qd2 Nxb1 30. Rxb1 Qe4 31. Rc1 d5 32. Bg2 {Black resigns} 1-0

[Event "Team 45 45 League T25"]
[Site "Internet Chess Club"]
[Date "2005.01.17"]
[Round "5"]
[White "sloper-c"]
[Black "kikian"]
[Result "0-1"]
[WhiteElo "2014"]
[BlackElo "2055"]
[TimeControl "2700+45"]

1. e4 Nf6 2. Nc3 d5 3. d4 dxe4 4. f3 Bf5 5. g4 Bg6 6. g5 Nd5 7. Bg2 Nxc3 8. bxc3
e5 9. fxe4 Be7 10. Nh3 exd4 11. cxd4 Bb4+ 12. Kf1 O-O 13. Qd3 Nc6 14. c3 Ba5 15.
Nf4 Qxg5 16. Ne6 fxe6+ {White resigns} 0-1

[Event "Team 45 45 League T25"]
[Site "Internet Chess Club"]
[Date "2005.01.16"]
[Round "5"]
[White "fledermaus"]
[Black "Scotty2Cues"]
[Result "1-0"]
[WhiteElo "1989"]
[BlackElo "1890"]
[TimeControl "2700+45"]

1. d4 Nf6 2. c4 g6 3. Nc3 d5 4. cxd5 Nxd5 5. Bd2 Bg7 6. e4 Nb6 7. Be3 O-O 8. Be2
c6 9. f4 Be6 10. Nf3 Nc4 11. Bxc4 Bxc4 12. Qd2 Nd7 13. Kf2 Nf6 14. Ne5 b5 15.
Nxc4 b4 16. Qd3 bxc3 17. bxc3 Ng4+ 18. Kf3 Nxe3 19. Nxe3 Qa5 20. h3 Rad8 21. Nc4
Qc7 22. Rhf1 e5 23. Nxe5 Bxe5 24. fxe5 Qxe5 25. Qe3 Qe6 26. Kg3 c5 27. e5 cxd4
28. cxd4 Rc8 29. Rf2 Rc7 30. Kh2 f6 31. Qb3 Qxb3 32. axb3 fxe5 33. Rxf8+ Kxf8
34. dxe5 Ke7 35. Ra6 Rb7 36. b4 Rxb4 37. Rxa7+ Ke6 38. Rxh7 Kxe5 39. Rf7 g5 40.
Kg3 Rb2 41. Rf2 Rb4 42. Kh2 Ke4 43. g4 Rb5 44. Kg3 Rb3+ 45. Kg2 Rb5 46. Ra2 Rc5
47. Ra4+ Ke5 48. Ra3 Ke4 49. Kg3 Rb5 50. h4 gxh4+ 51. Kxh4 Rb1 52. Ra4+ Ke5 53.
Kg5 Rg1 54. Kg6 Ke6 55. g5 Rg2 56. Re4+ Kd5 57. Re1 Kd6 58. Kf6 Rf2+ 59. Kg7 Rg2
60. g6 Kd7 61. Kf7 Rf2+ 62. Kg8 Rg2 63. g7 Rg3 64. Re4 Rg1 65. Kf7 Rf1+ 66. Kg6
Rg1+ 67. Kf6 Rg2 68. Re5 {Black resigns} 1-0

[Event "Team 45 45 League T25"]
[Site "Internet Chess Club"]
[Date "2005.01.14"]
[Round "5"]
[White "Burning-Bush"]
[Black "Catalog"]
[Result "1/2-1/2"]
[WhiteElo "2195"]
[BlackElo "2126"]
[TimeControl "2700+45"]

1. d4 Nf6 2. c4 g6 3. Nc3 Bg7 4. e4 d6 5. Be2 O-O 6. Bg5 Nbd7 7. f4 c5 8. d5 a6
9. Nf3 b5 10. cxb5 axb5 11. Bxb5 Qa5 12. O-O Ba6 13. Bxa6 Rxa6 14. e5 Rb8 15.
exf6 exf6 16. Bh4 Rxb2 17. Be1 f5 18. Qc1 Qa3 19. Rb1 Bxc3 20. Bxc3 Rxb1 21.
Qxb1 Qxc3 22. Qb7 Qe3+ 23. Kh1 Rxa2 24. Qxd7 Qxf4 25. h3 Qg3 26. Rg1 Rf2 27.
Qe8+ Kg7 28. Nh2 Qd3 29. Qc6 Rd2 30. Qxd6 Qxd5 31. Qxd5 Rxd5 32. Rc1 h5 33. Nf3
f4 34. h4 f6 35. Kg1 g5 36. Rc2 Kg6 37. Kf2 Kf5 38. Nh2 Re5 39. Rc4 Rd5 40. Ke2
Re5+ 41. Kf2 Rd5 42. Nf1 Re5 43. Kf3 Rd5 44. Kf2 Re5 45. Kf3 Rd5 46. Ke2 Re5+
47. Kf3 Rd5 48. Kf2 Re5 {Game drawn by repetition} 1/2-1/2

[Event "Team 45 45 League T25"]
[Site "Internet Chess Club"]
[Date "2005.01.14"]
[Round "5"]
[White "EdBorowski"]
[Black "akdog3"]
[Result "0-1"]
[WhiteElo "2101"]
[BlackElo "2169"]
[TimeControl "2700+45"]

1. Nf3 c5 2. c4 g6 3. g3 Bg7 4. Bg2 Nc6 5. Nc3 e5 6. d3 Nge7 7. e4 O-O 8. O-O d6
9. Kh1 a6 10. Nd5 b5 11. b3 Nxd5 12. cxd5 Ne7 13. Ng1 f5 14. f3 Bd7 15. Bd2 a5
16. a3 h6 17. Rc1 g5 18. b4 cxb4 19. axb4 a4 20. Bc3 Ng6 21. h3 f4 22. g4 Qb6
23. Ba1 Rfc8 24. Qd2 Nh4 25. Kh2 Rxc1 26. Rxc1 Rc8 27. Rxc8+ Bxc8 28. Bb2 Bd7
29. Ba3 Bf6 30. Bb2 Qa7 31. Ba3 Bd8 32. Bb2 Bb6 33. Ne2 Be3 34. Qd1 a3 35. Ba1
Qa4 36. Qxa4 bxa4 37. d4 Bb5 38. Nc3 Bd7 39. dxe5 dxe5 40. Kh1 Bd4 41. Kh2 Kf7
42. Kh1 Ke7 43. Kh2 Kd6 44. Kh1 Kc7 45. Kh2 Kb6 46. Kh1 Ng6 47. Bf1 Be3 48. Be2
Bc1 49. Nd1 Bb5 50. Bxb5 Kxb5 51. Nc3+ Kc4 {White resigns} 0-1

[Event "Team 45 45 League T25"]
[Site "Internet Chess Club"]
[Date "2005.01.15"]
[Round "5"]
[White "MrHyde"]
[Black "Ser-Enigma"]
[Result "1/2-1/2"]
[WhiteElo "2158"]
[BlackElo "2045"]
[TimeControl "2700+45"]

1. c4 e5 2. g3 Nf6 3. Bg2 c6 4. d4 e4 5. Nc3 Bb4 6. Bg5 d5 7. Bxf6 Bxc3+ 8. bxc3
Qxf6 9. cxd5 cxd5 10. e3 O-O 11. Qb3 Qc6 12. Ne2 Na6 13. O-O Be6 14. Rfc1 f5 15.
h4 h5 16. Nf4 Bf7 17. Bf1 Nc7 18. Be2 g6 19. c4 Qd6 20. cxd5 Nxd5 21. Nxd5 Bxd5
22. Bc4 Bxc4 23. Rxc4 Rf7 24. Rac1 Kg7 25. Qb4 Qxb4 26. Rxb4 Rd8 27. a4 b6 28.
Kf1 Rdd7 29. Rbc4 Rb7 30. Rc6 b5 31. axb5 Rxb5 32. Ra6 Rfb7 33. Rcc6 Rb1+ 34.
Kg2 R1b6 35. Rcxb6 axb6 36. Kf1 Kf7 37. Ke1 Ke6 38. Kd2 Kd5 39. Ra4 Rc7 40. Rb4
Rc6 41. Rb2 Kd6 42. Rc2 Rxc2+ 43. Kxc2 Kc6 44. Kc3 Kb5 45. Kb3 Kc6 46. Kc4 Kd6
47. Kb5 Kc7 48. Kb4 Kd6 49. Kc3 Kd5 50. Kb4 Kd6 51. Kc3 Kd5 52. Kb3 Kc6 53. Ka4
Kd6 54. Kb5 Kc7 55. d5 Kd6 56. Kxb6 Kxd5 57. Kb5 Kd6 58. Kb4 Kd5 59. Kb3 Kd6 60.
Kb4 Kd5 61. Kb5 Kd6 62. Kc4 Kc6 63. Kd4 {Game drawn by mutual agreement} 1/2-1/2

[Event "Team 45 45 League T25"]
[Site "Internet Chess Club"]
[Date "2005.01.15"]
[Round "5"]
[White "DTK"]
[Black "searchforbobby1"]
[Result "1/2-1/2"]
[WhiteElo "1974"]
[BlackElo "2132"]
[TimeControl "2700+45"]

1. e4 c5 2. Nf3 Nc6 3. d4 cxd4 4. Nxd4 Nf6 5. Nc3 e5 6. Ndb5 d6 7. Bg5 a6 8. Na3
Be6 9. Bc4 Rc8 10. Nd5 Qa5+ 11. Bd2 Qd8 12. Bg5 Qa5+ 13. Bd2 Qd8 14. Bg5 {Game
drawn by repetition} 1/2-1/2

[Event "Team 45 45 League T25"]
[Site "Internet Chess Club"]
[Date "2005.01.15"]
[Round "5"]
[White "ChessicStudent"]
[Black "maclem279"]
[Result "1-0"]
[WhiteElo "1498"]
[BlackElo "1558"]
[TimeControl "2700+45"]

1. Nf3 d5 2. g3 Bg4 3. Bg2 Nd7 4. O-O c6 5. d3 Ngf6 6. Nbd2 e5 7. Re1 e4 8. dxe4
Nxe4 9. Nxe4 dxe4 10. Ng5 f5 11. f3 Be7 12. Ne6 Qb6+ 13. Kh1 f4 14. fxg4 fxg3
15. Nxg7+ Kd8 16. Bf4 gxh2 17. Ne6+ Kc8 18. Bxe4 Qxb2 19. Bf5 Bf6 20. Qd6 Be5
21. Bxe5 Qxe5 22. Qe7 h5 23. Red1 Rd8 24. Qxd8# {Black checkmated} 1-0

[Event "Team 45 45 League T25"]
[Site "Internet Chess Club"]
[Date "2005.01.17"]
[Round "5"]
[White "pumba"]
[Black "Gardener"]
[Result "1-0"]
[WhiteElo "1428"]
[BlackElo "1538"]
[TimeControl "2700+45"]

1. e4 e6 2. d4 d5 3. Nd2 c5 4. c3 cxd4 5. exd5 Qxd5 6. Qa4+ Bd7 7. Qxd4 Qxd4 8.
cxd4 Nf6 9. Ngf3 Nc6 10. a3 Bd6 11. Bd3 Nd5 12. Ne4 Bc7 13. Neg5 h6 14. Ne4 O-O
15. Nc5 Bc8 16. h4 b6 17. Ne4 Rd8 18. Neg5 hxg5 19. hxg5 g6 20. Rh6 Nf4 21. Be4
Bb7 22. Nh4 Rxd4 23. Bxf4 Bxf4 24. Bxg6 fxg6 25. Rxg6+ Kf7 26. Rf6+ Kg7 27. Rg6+
Kh7 28. Rh6+ Kg7 29. Rg6+ Kf7 30. Rf6+ Ke7 31. Ng6+ Kd6 32. Nxf4 Re4+ 33. Kd2
Rd8 34. Kc3 Ba6 35. g3 Rc4+ 36. Kb3 Nd4+ 37. Ka2 Rc2 38. Rd1 Ke5 39. Nd3+ Kd6
40. Nb4 Bc4+ 41. Kb1 Kc5 42. Nxc2 Bb3 43. Rxd4 Bxc2+ 44. Kxc2 Rxd4 45. Rxe6 Rg4
46. Rg6 Kd5 47. Rg7 a5 48. g6 Ke6 49. Rb7 Kf5 50. g7 {Black resigns} 1-0

[Event "Team 45 45 League T25"]
[Site "Internet Chess Club"]
[Date "2005.01.16"]
[Round "5"]
[White "MrEvill"]
[Black "Gomer"]
[Result "1-0"]
[WhiteElo "1207"]
[BlackElo "1359"]
[TimeControl "2700+45"]

1. e4 e5 2. Nf3 Nc6 3. d4 Bd6 4. Be3 Nf6 5. Nc3 O-O 6. Bc4 Re8 7. dxe5 Nxe5 8.
Nxe5 Bxe5 9. Bd4 Bd6 10. f3 c5 11. Be3 Qc7 12. Nb5 Bg3+ 13. hxg3 Qxg3+ 14. Kf1
a6 15. Nd6 Re7 16. Nf5 {Black resigns} 1-0

[Event "Team 45 45 League T25"]
[Site "Internet Chess Club"]
[Date "2005.01.16"]
[Round "5"]
[White "gartman"]
[Black "Steinwitz"]
[Result "1-0"]
[WhiteElo "1681"]
[BlackElo "1775"]
[TimeControl "2700+45"]

1. e4 d5 2. exd5 Qxd5 3. Nc3 Qd6 4. d4 Nf6 5. Nf3 Bg4 6. Be2 Nbd7 7. Nb5 Qb6 8.
O-O Bxf3 9. gxf3 a6 10. Nc3 Nh5 11. Be3 Qg6+ 12. Kh1 e6 13. Rg1 Qf6 14. Ne4 Qe7
15. c3 Nhf6 16. b4 Nxe4 17. fxe4 Nf6 18. Bf3 Qd7 19. d5 O-O-O 20. c4 Bxb4 21.
Rb1 Bf8 22. Qd4 c5 23. Qb2 Qc7 24. e5 exd5 25. exf6 gxf6 26. Bxd5 Rxd5 27. cxd5
Bd6 28. Rg2 Be5 29. Qb6 Qd7 30. Rbg1 Qxd5 31. Qxc5+ Qxc5 32. Bxc5 Rd8 33. Rg8 b5
34. Rxd8+ Kxd8 35. Rg7 h6 36. Rxf7 Bc3 37. Rh7 a5 38. Kg2 a4 39. a3 b4 40. Bxb4
Bd4 41. Rxh6 Kc7 42. Rh7+ Kc6 43. h4 Kb5 44. h5 Kc4 45. Rc7+ Kb3 46. h6 f5 47.
Rf7 f4 48. Rxf4 Bb2 49. h7 Ba1 50. Rh4 Bh8 51. f4 Ka2 52. Kf3 Kb3 53. Ke4 Kc4
54. Kf5 Kd5 55. Be7 Kc6 56. Bf6 Kd7 57. Bxh8 Ke7 58. Bf6+ Kf7 59. Be5 {Black
resigns} 1-0